 Dungeon Crawl Stone Soup version 0.28-b1-25-g9875b3fc8c (webtiles) character file.

Game seed: 14254922314767890197

526 LLlMATKO the Chopper (level 7, -5/61 HPs)
             Began as a Minotaur Berserker on Feb 6, 2022.
             Was a Priest of Trog.
             Slain by a scorpion (8 damage)
             ... on level 4 of the Dungeon.
             The game lasted 00:03:23 (2713 turns).

LLlMATKO the Chopper (Minotaur Berserker)           Turns: 2713, Time: 00:03:26

Health: -5/61      AC:  5    Str: 23    XL:     7   Next: 2%
Magic:  6/6        EV: 11    Int:  4    God:    Trog [***...]
Gold:   125        SH:  0    Dex: 10    Spells: 6/6 levels left

rFire   . . .      SeeInvis .   c - +1 war axe
rCold   . . .      Faith    .   (no shield)
rNeg    . . .      Spirit   .   k - +0 ring mail
rPois   .          Reflect  .   (helmet restricted)
rElec   .          Harm     .   (no cloak)
rCorr   .          Rampage  .   (no gloves)
Will    .....                   (no boots)
Stlth   +.........              (no amulet)
HPRegen 0.20/turn               (no ring)
MPRegen 0.10/turn               (no ring)

@: mighty, lethally poisoned (-5 -> -19), on berserk cooldown, slowed, very slow
A: horns 2, retaliatory headbutt
a: Renounce Religion, Berserk, Trog's Hand


You were on level 4 of the Dungeon.
You worshipped Trog.
Trog was most pleased with you.
You visited 1 branch of the dungeon, and saw 4 of its levels.

You collected 125 gold pieces.

Inventory:

Hand Weapons
 c - a +1 war axe (weapon)
 n - a +4 antimagic flail
Missiles
 b - 3 javelins (quivered)
 d - 13 bolts
 l - a throwing net
Armour
 k - a +0 ring mail (worn)
Jewellery
 f - a ring of ice
Wands
 i - a wand of polymorph (12)
 m - a wand of flame (8)
Scrolls
 a - a scroll of amnesia
 e - a scroll of noise
 j - a scroll of identify {unknown}
Potions
 h - a potion of attraction {unknown}


   Skills:
 + Level 5.3 Fighting
 + Level 7.3 Axes
 + Level 4.2 Armour
 + Level 3.1 Dodging
 + Level 1.1 Stealth


You had 6 spell levels left.
You didn't know any spells.
Your spell library was empty.

Dungeon Overview and Level Annotations

Branches:
Dungeon (4/15)
 Temple: D:4-7

Altars:
Dithmenos
Uskayaw
Zin


Innate Abilities, Weirdness & Mutations

You have a pair of horns on your head.
You reflexively headbutt those who attack you in melee.


Message History

You kill the rat!
Trog accepts your kill.
The scorpion stings you but does no damage.
You hit the scorpion but do no damage. The scorpion barely misses you.
The scorpion stings you but does no damage.
The scorpion barely misses you.
You barely miss the scorpion. You headbutt the scorpion.
The scorpion is lightly wounded.
The scorpion stings you.
You are poisoned.
The scorpion poisons you! The scorpion stings you.
You closely miss the scorpion.
The scorpion is lightly wounded.
You feel very sick. The scorpion barely misses you. You furiously retaliate!
You headbutt the scorpion, but do no damage.
The scorpion barely misses you.
You closely miss the scorpion. Your headbutt misses the scorpion.
The scorpion is lightly wounded.
You feel sick. The scorpion stings you!
You are more poisoned.
The scorpion poisons you!
You are too injured to fight recklessly!
You hit the scorpion. Your headbutt misses the scorpion.
The scorpion is moderately wounded.
You feel very sick. The scorpion stings you!
* * * LOW HITPOINT WARNING * * *
The scorpion stings you but does no damage.
The scorpion stings you.
* * * LOW HITPOINT WARNING * * *
You are lethally poisoned!
The scorpion poisons you!
It was a potion of might.
You feel very mighty all of a sudden.
* * * LOW HITPOINT WARNING * * *
You feel very sick.
The orc wizard shouts!
You hear a shout! x3
The scorpion stings you!
You die...

##.# #####†###### # .##
.. #..........# # ...#
#.##......)...# .#..#
..#..........###
≈≈...###.###...........
≈≈≈#......##...)......>
o≈≈....o..##$..........
≈≈≈...#s#..#...........
≈≈≈≈..#@#..#(..........
≈≈s#r #.#..#...........
≈≈ .. #.#...##'########
o .. #.#.#.##.# ..#
#.#.#..#.# #<..##.#.#
##### .# .# .#


You could see a scorpion and an orc wizard.

Vanquished Creatures
  Duvessa (D:4)
  Edmund (D:4)
  Dowan (D:4)
  A gnoll shaman (D:3)
  2 hound skeletons
  8 gnolls
  5 adders
  4 worms
  3 dart slugs
  4 ball pythons
  9 endoplasms
  3 giant cockroaches
  6 goblins
  7 hobgoblins
  A quokka (D:1)
  7 bats
  A frilled lizard (D:2)
  4 kobolds
  13 rats
81 creatures vanquished.

Vanquished Creatures (others)
  A plant (D:1)
1 creature vanquished.

Grand Total: 82 creatures vanquished

Notes
Turn   | Place    | Note
-------+----------+-------------------------------------------
     0 | D:1      | LLlMATKO the Minotaur Berserker began the quest for the
                  | Orb.
     0 | D:1      | Reached XP level 1. HP: 19/19 MP: 0/0
    11 | D:1      | Found a faded altar of an unknown god.
    41 | D:1      | Reached XP level 2. HP: 27/27 MP: 1/1
    43 | D:1      | Reached skill level 4 in Axes
   187 | D:1      | Reached ** piety under Trog
   226 | D:1      | Reached XP level 3. HP: 31/33 MP: 2/2
   978 | D:2      | Reached XP level 4. HP: 41/41 MP: 3/3
   989 | D:2      | Reached skill level 5 in Axes
  1562 | D:3      | Found a shadowy altar of Dithmenos.
  1563 | D:3      | Found a glowing silver altar of Zin.
  1651 | D:3      | Found a hide-covered altar of Uskayaw.
  1893 | D:3      | Reached XP level 5. HP: 47/47 MP: 4/4
  1920 | D:3      | Reached skill level 6 in Axes
  2568 | D:4      | Noticed Edmund
  2571 | D:4      | Reached skill level 5 in Fighting
  2577 | D:4      | Killed Edmund
  2578 | D:4      | Reached skill level 1 in Stealth
  2578 | D:4      | Reached XP level 6. HP: 56/56 MP: 1/5
  2606 | D:4      | Noticed Dowan
  2606 | D:4      | Noticed Duvessa
  2627 | D:4      | Killed Dowan
  2627 | D:4      | Reached *** piety under Trog
  2628 | D:4      | Reached skill level 7 in Axes
  2687 | D:4      | Killed Duvessa
  2688 | D:4      | Reached XP level 7. HP: 53/61 MP: 6/6
  2713 | D:4      | HP: 3/61 [poisoned by a scorpion]
  2713 | D:4      | Slain by a scorpion

Illustrated notes

Levels and vault maps discovered:
D:1:      wander_arrival_peaceful_grave, layout_rooms,
          shapermc_ecumenical_altar_mp_ritualfount, serial_bayou_pond_a
D:2:      layout_basic
D:3:      layout_loops_cross, nicolae_overflow_squiral,
          mainiacjoe_overflow_24_doors, minmay_misc_feat_hallway
D:4:      minmay_diamond_boxcup, layout_basic, cheibrodos_sewer_entry_drain,
          uniq_sigmund, uniq_crazy_yiuf_cottage, uniq_edmund, uniq_duvessa

Skill      XL: |  1  2  3  4  5  6 |
---------------+-------------------+-----
Axes           | 4 5 6 7 |  7.3
Fighting       | 4 5 |  5.3
Dodging        | 3 |  3.1
Armour         | 3 4 |  4.2
Stealth        | 1 |  1.1

Action                   |  1- 3 |  4- 6 |  7- 9 || total
-------------------------+-------+-------+-------++-------
Melee: War axe           |    64 |    82 |     8 ||   154
       Hand axe          |     4 |       |       ||     4
       Headbutt          |    11 |    11 |     2 ||    24
       Punch             |       |     2 |       ||     2
Invok: Berserk           |     1 |     3 |       ||     4
  Use: Scroll            |       |     4 |       ||     4
       Potion            |       |       |     1 ||     1
 Stab: Sleeping          |       |     1 |       ||     1
Armor: Animal skin       |    15 |     4 |       ||    19
       Ring mail         |       |     4 |     4 ||     8
Dodge: Dodged            |    64 |    47 |     5 ||   116
